 Dungeon Crawl Stone Soup version 0.23.2-1-ga50397a (webtiles) character file.

Game seed: 5246863924934049565

438 Aske the Chopper (level 7, -1/60 HPs)
             Began as a Ghoul Monk on May 3, 2019.
             Slain by an ogre
             ... wielding a +0 giant club
              (24 damage)
             ... on level 4 of the Dungeon.
             The game lasted 00:05:45 (3026 turns).

Aske the Chopper (Ghoul Monk)                       Turns: 3026, Time: 00:05:45

Health: -1/60      AC:  7    Str: 15    XL:     7   Next: 1%
Magic:  6/6        EV: 13    Int:  5    God:
Gold:   142        SH:  0    Dex: 13    Spells: 6/6 levels left

rFire    . . .     SeeInvis .   a - +0 hand axe
rCold    + . .     Gourm    .   (no shield)
rNeg     + + +     Faith    .   f - +0 ring mail
rPois    ∞         Spirit   .   (no helmet)
rElec    .         Reflect  .   (no cloak)
rCorr    .         Harm     .   m - +0 pair of gloves
MR       .....                  i - +0 pair of boots
Stlth    +.........             (no amulet)
HPRegen  0.00/turn              e - +1 ring of evasion
MPRegen  0.10/turn              (no ring)

@: rotting
A: rotting body, claws 1, carnivore, cold resistance 1, negative energy
resistance 3, inhibited regeneration, torment resistance, unbreathing
a: no special abilities


You were on level 4 of the Dungeon.
You were not hungry.

You visited 1 branch of the dungeon, and saw 4 of its levels.

You collected 142 gold pieces.

Inventory:

Hand Weapons
 a - a +0 hand axe (weapon)
Armour
 f - a +0 ring mail (worn)
 g - a cursed +0 leather armour
 i - a +0 pair of boots (worn)
 m - a +0 pair of gloves (worn)
Jewellery
 e - a +1 ring of evasion (left hand)
Scrolls
 b - 3 scrolls of identify {unknown}
 d - a scroll of teleportation {unknown}
 h - 2 scrolls of remove curse
 k - a scroll of noise {unknown}
Comestibles
 c - 5 rations
 j - 2 chunks of flesh


   Skills:
 + Level 4.4 Fighting
 + Level 5.2 Axes
 + Level 2.5 Armour
 + Level 3.6 Dodging
 - Level 2.1 Stealth


You had 6 spell levels left.
You didn't know any spells.
Your spell library was empty.

Dungeon Overview and Level Annotations

Branches:
Dungeon (4/15)
 Temple: D:4-7

Altars:
Fedhas
Okawaru
Uskayaw
Yredelemnul
The Shining One

Annotations:
D:3 2 runed translucent doors, Killmatronix's ghost, amateur DEWn


Innate Abilities, Weirdness & Mutations

Your body is rotting away.
You thrive on raw meat.
You are immune to poison.
You have sharp fingernails.
You are carnivorous and can eat meat at any time.
Your flesh is cold resistant. (rC+)
You are immune to negative energy. (rN+++)
You do not regenerate when monsters are visible.
You are immune to unholy pain and torment.
You can survive without breathing.


Message History

The ogre barely misses you.
You hit the ogre.
The ogre is lightly wounded.
The ogre hits you with a +0 giant club!!
You hit the ogre.
The ogre is lightly wounded.
You hit the ogre but do no damage.
The ogre is lightly wounded.
The ogre barely misses you.
You slash the ogre!
The ogre is heavily wounded.
The ogre hits you with a +0 giant club!
You are too injured to fight recklessly!
You hit the ogre.
The ogre is heavily wounded.
The ogre barely misses you.
You hit the ogre.
The ogre is heavily wounded.
The ogre hits you with a +0 giant club!!
You die...

.# #.####
#.###.#........#
.# .#
#...#.#.###'####
.# .#
###.#...###'####
.####
####.##......÷..#
....#
#.[?.##.........#
###.#
#....''.........#
#.#
#....##.........#
#.#
#....############
#.# #...@# #.#
#...O# #.# #...!#
#.# #....# #.#
......#
#.######.#.....#
#.#....# #.....#
#.#.##.# #.....#
#.#....#


You could see an ogre.

Vanquished Creatures
  A human (D:3)
  2 howler monkeys (D:4)
  An orc priest (D:3)
  An iguana (D:4)
  2 worker ants (D:4)
  3 adders
  An ooze (D:3)
  An adder skeleton (D:4)
  A worm (D:2)
  5 dart slugs
  2 leopard geckos
  3 orcs (D:3)
  3 bats (D:1)
  4 giant cockroaches
  7 goblins
  8 hobgoblins
  9 jackals (D:3)
  3 quokkas
  2 ball pythons (D:3)
  7 frilled lizards
  A goblin skeleton (D:3)
  8 kobolds
  7 rats
82 creatures vanquished.

Notes
Turn   | Place    | Note
-------+----------+-------------------------------------------
     0 | D:1      | Aske the Ghoul Monk began the quest for the Orb.
     0 | D:1      | Reached XP level 1. HP: 19/19 MP: 0/0
   175 | D:1      | Reached XP level 2. HP: 26/26 MP: 1/1
   329 | D:1      | Reached skill level 3 in Axes
   524 | D:1      | Reached XP level 3. HP: 25/33 MP: 2/2
  1070 | D:2      | Found a blossoming altar of Fedhas.
  1253 | D:2      | Found a glowing golden altar of the Shining One.
  1317 | D:2      | Reached XP level 4. HP: 39/40 MP: 3/3
  1670 | D:3      | Found a runed translucent door.
  1674 | D:3      | Noticed Killmatronix's ghost (amateur DEWn)
  1715 | D:3      | Reached skill level 4 in Axes
  1824 | D:3      | Noticed a human
  1825 | D:3      | Found a runed translucent door.
  1834 | D:3      | Found a basalt altar of Yredelemnul.
  1870 | D:3      | Killed a human
  1870 | D:3      | Reached skill level 1 in Armour
  1870 | D:3      | Reached XP level 5. HP: 35/46 MP: 4/4
  1870 | D:3      | Reached XP level 6. HP: 39/52 MP: 5/5
  1901 | D:3      | Found an iron altar of Okawaru.
  2388 | D:3      | Found a runed translucent door.
  2500 | D:4      | Found a hide-covered altar of Uskayaw.
  2617 | D:4      | Reached skill level 5 in Axes
  3004 | D:4      | Reached XP level 7. HP: 56/60 MP: 6/6
  3026 | D:4      | Slain by an ogre

Skill      XL: |  1  2  3  4  5  6 |
---------------+-------------------+-----
Axes           | 3 4 5 |  5.2
Dodging        | 3 |  3.6
Fighting       | 4 |  4.4
Armour         | 1 2 |  2.5
Stealth        | |  2.1

Action                   |  1- 3 |  4- 6 |  7- 9 || total
-------------------------+-------+-------+-------++-------
Melee: Hand axe          |   125 |   240 |     6 ||   371
  Use: Scroll            |     1 |       |       ||     1
       Potion            |       |     2 |       ||     2
 Stab: Sleeping          |     1 |     1 |       ||     2
       Distracted        |       |     1 |       ||     1
  Eat: Chunk             |    11 |    19 |       ||    30
Armor: Robe              |     3 |       |       ||     3
       Ring mail         |    39 |    82 |       ||   121
Dodge: Dodged            |    88 |   180 |     3 ||   271
